Demolitions vs Little Stars
(R1)
Created - March 9, 2021 at 21:29
Goals
|
Demolitions |
1 |
2 |
0 |
1 |
4 |
Little Stars |
0 |
1 |
2 |
0 |
3 |
|
Shots
|
Demolitions |
11 |
18 |
12 |
1 |
42 |
Little Stars |
7 |
13 |
11 |
1 |
32 |
|
1st period
1. Demolitions , Taylor Beck 35 (Joshua Leivo 19, Christoph Bertschy 18) at 12:56
Penalties :
Ilya Mikheyev (Tex) for Diving (Minor) at 19:19
2nd period
2. Demolitions , Phil McRae 20 (J.T. Brown 49, Brandon Saad 40) at 1:29
3. Demolitions , J.T. Brown 36 (Brandon Saad 41, Dennis Everberg 29) at 9:10 (PP)
4. Little Stars , Zach Budish 12 (Reece Willcox 14, Anton Cederholm 18) at 10:17
Penalties :
Michael Mersch (Tex) for Roughing (Minor) at 7:41, Juuso Riikola (Vic) for Delaying the game (Minor) at 12:26, Tommy Vannelli (Vic) for Tripping (Minor) at 15:32, Nikita Tryamkin (Vic) for Interference (Minor) at 16:13
3rd period
5. Little Stars , Scott Kosmachuck 35 (Dana Tyrell 45, Jesse Joensuu 55) at 9:49
6. Little Stars , Joakim Nygard 17 (Evgeny Kuznetsov 37) at 19:23 (PP)
Penalties :
Sebastian Wannstrom (Tex) for Holding Stick (Minor) at 2:03, Jeremy Roy (Vic) for Roughing (Minor) at 7:27, Taylor Beck (Vic) for Delaying the game (Minor) at 19:09
Overtime #1
7. Demolitions , Mitch Callahan 6 (Juuso Riikola 32) at 1:49
Penalties :
No Penalty
Goalie Stats
Alexandar Georgiev (Vic), 29 saves from 32 shots - (0.906), W, 16-14-6, 61:49 minutes
Connor Knapp (Tex), 38 saves from 42 shots - (0.905), OTL, 13-10-4, 61:28 minutes
Players Stats for Demolitions
Player Name G A P +/- PIM S H SB GA TA FO MP PP MP PK MP
------------------------------------------------------------------------------------
Alex Hutchings 0 0 0 0 0 0 1 1 0 0 0/0 8:18 0:30 0:52
Andrej Nestrasil 0 0 0 0 0 3 1 0 0 1 0/3 9:59 0:00 0:00
Benn Ferriero 0 0 0 0 0 0 0 0 1 1 0/0 9:59 0:00 0:00
Brandon Saad 0 2 2 1 0 8 2 0 0 1 1/1 18:03 2:45 1:17
Brendan Gaunce 0 0 0 1 0 2 0 0 2 1 22/32 18:50 1:42 0:18
Christoph Bertschy 0 1 1 -1 0 1 0 0 0 0 1/1 7:06 0:22 0:00
Dennis Everberg 0 1 1 0 0 5 3 0 3 0 0/2 23:24 1:42 3:30
J.T. Brown 1 1 2 1 0 8 1 0 1 1 0/2 18:03 2:45 1:17
Jaedon Descheneau 0 0 0 0 0 0 0 0 0 0 0/0 0:00 0:00 0:00
Jared Staal 0 0 0 0 0 0 0 0 0 0 0/0 1:00 0:38 0:00
Jeremy Roy 0 0 0 -1 2 0 1 0 0 1 0/0 15:37 0:46 2:27
Joshua Leivo 0 1 1 -1 0 2 0 0 0 0 0/0 6:44 0:00 0:00
Juuso Riikola 0 1 1 2 2 3 4 0 1 1 0/0 27:57 2:31 2:56
Michael Ferland 0 0 0 0 0 0 1 0 0 0 0/0 9:59 0:00 0:00
Michael Prapavessis 0 0 0 0 0 1 2 1 0 0 0/0 12:48 0:46 0:13
Mitch Callahan 1 0 1 0 0 1 0 0 0 0 1/1 3:12 0:52 1:36
Nicholas Baptiste 0 0 0 0 0 0 0 0 0 0 0/1 1:00 0:38 0:00
Nikita Tryamkin 0 0 0 2 2 0 5 2 0 1 0/0 27:50 2:31 2:51
Phil McRae 1 0 1 1 0 4 2 0 0 0 3/10 16:20 2:45 0:00
Taylor Aronson 0 0 0 -1 0 0 1 2 0 0 0/0 20:21 2:10 3:06
Taylor Beck 1 0 1 1 2 3 0 0 1 1 4/7 23:01 1:42 3:35
Taylor Leier 0 0 0 0 0 0 0 0 0 0 0/0 0:00 0:00 0:00
Thomas DiPauli 0 0 0 0 0 0 0 0 0 0 0/0 0:00 0:00 0:00
Tommy Vannelli 0 0 0 -1 2 1 3 1 0 1 0/0 19:30 2:10 2:11
Tyler Graovac 0 0 0 0 0 0 0 0 0 0 0/0 0:00 0:00 0:00
Players Stats for Little Stars
Player Name G A P +/- PIM S H SB GA TA FO MP PP MP PK MP
------------------------------------------------------------------------------------
Adam Tambellini 0 0 0 -2 0 3 1 0 1 0 0/0 15:36 2:27 0:00
Anton Cederholm 0 1 1 -1 0 0 0 5 0 1 0/0 23:08 1:40 1:37
Dana Tyrell 0 1 1 1 0 2 1 0 1 0 14/36 24:17 4:25 3:44
Daniel O'regan 0 0 0 -2 0 2 0 0 2 0 3/6 13:06 0:00 0:02
Evgeny Kuznetsov 0 1 1 -1 0 3 6 1 1 0 6/10 19:25 2:27 3:44
Ilya Mikheyev 0 0 0 -2 2 2 0 0 0 0 0/0 17:00 2:13 0:42
Jesse Joensuu 0 1 1 1 0 3 0 0 3 0 1/3 21:24 4:25 1:13
Joakim Nygard 1 0 1 -1 0 5 0 0 0 0 0/0 12:19 0:14 0:08
Michael Mersch 0 0 0 1 2 3 1 1 0 0 0/0 8:14 0:00 0:22
Patrick Wiercioch 0 0 0 0 0 0 2 0 0 2 0/0 28:57 5:12 3:08
Reece Willcox 0 1 1 -1 0 2 0 2 0 3 0/0 22:14 1:40 1:37
Roman Horak 0 0 0 1 0 0 1 0 0 0 1/1 8:46 0:00 0:28
Scott Kosmachuck 1 0 1 1 0 4 1 1 0 0 2/3 21:24 4:25 1:13
Sebastian Wannstrom 0 0 0 0 2 0 1 0 0 0 1/1 11:42 0:00 0:00
Tucker Poolman 0 0 0 0 0 0 2 2 0 0 0/0 14:20 0:00 0:42
Tyler Wotherspoon 0 0 0 0 0 1 3 1 2 3 0/0 30:46 5:12 3:08
Ville Pokka 0 0 0 0 0 0 0 0 0 0 0/0 0:58 0:00 0:00
Zach Budish 1 0 1 1 0 2 0 0 0 0 0/0 8:10 0:00 0:00
3 Stars
1 - J.T. Brown (Vic)
2 - Brandon Saad (Vic)
3 - Phil McRae (Vic)
Power Play
Demolitions - 1 on 3 Attempt(s) - 33.33%
Little Stars - 1 on 5 Attempt(s) - 20.00%
Penalty Kill
Demolitions - 4 on 5 Attempt(s) - 80.00%
- Score 0 goal in Penalty Kill
Little Stars - 2 on 3 Attempt(s) - 66.67%
- Score 0 goal in Penalty Kill
Team Stat
Demolitions - Hits : 27 - Faceoff Wins : 32 - Blocked Shots : 7 - Penalty Minutes : 10
Little Stars - Hits : 19 - Faceoff Wins : 28 - Blocked Shots : 13 - Penalty Minutes : 6
Official
Referees : Unknown
Linesman : Unknown
Game Notes
Ville Pokka is injured at 4:46 of 1st period (Bruised Left Arm)
Finance
Level 1 -- Attendance: 1322 (66.10%) -- Ticket Income $52,880
Level 2 -- Attendance: 660 (66.00%) -- Ticket Income $13,200
Total Attendance: 1982 (66.07%)
Total Ticket Income: $66,080
Other Income: $3,304
Total Income: $69,384
Demolitions
5 vs 5 Forward
Center Left Wing Right Wing Time % Phy DF OF
1 Brendan Gaunce Taylor Beck Dennis Everberg 40 1 2 2
2 Phil McRae Brandon Saad J.T. Brown 30 1 2 2
3 Andrej Nestrasil Michael Ferland Benn Ferriero 20 1 2 2
4 Christoph Bertschy Alex Hutchings Joshua Leivo 10 1 2 2
5 vs 5 Defense
Defense Defense Time % Phy DF OF
1 Nikita Tryamkin Juuso Riikola 40 1 2 2
2 Taylor Aronson Tommy Vannelli 30 1 2 2
3 Michael Prapavessis Jeremy Roy 20 1 2 2
4 Nikita Tryamkin Juuso Riikola 10 1 2 2
PowerPlay Forward
Center Left Wing Right Wing Time % Phy DF OF
1 Brendan Gaunce Taylor Beck Dennis Everberg 60 1 2 2
2 Phil McRae Brandon Saad J.T. Brown 40 1 2 2
PowerPlay Defense
Defense Defense Time % Phy DF OF
1 Nikita Tryamkin Juuso Riikola 60 1 2 2
2 Taylor Aronson Tommy Vannelli 40 1 2 2
Penalty Kill 4 Players Forward
Center Wing Time % Phy DF OF
1 Taylor Beck Dennis Everberg 60 1 2 2
2 Brandon Saad J.T. Brown 40 1 2 2
Penalty Kill 4 Players Defense
Defense Defense Time % Phy DF OF
1 Nikita Tryamkin Juuso Riikola 60 1 2 2
2 Taylor Aronson Tommy Vannelli 40 1 2 2
Penalty Kill - 3 Players Forward
Forward Time % Phy DF OF
1 Taylor Beck 60 1 2 2
2 Dennis Everberg 40 1 2 2
Penalty Kill - 3 Players Defense
Defense Defense Time % Phy DF OF
1 Nikita Tryamkin Juuso Riikola 60 1 2 2
2 Taylor Aronson Tommy Vannelli 40 1 2 2
4 vs 4 Forward
Center Wing Time % Phy DF OF
1 Taylor Beck Dennis Everberg 60 1 2 2
2 Brandon Saad J.T. Brown 40 1 2 2
4 vs 4 Defense
Defense Defense Time % Phy DF OF
1 Nikita Tryamkin Juuso Riikola 60 1 2 2
2 Taylor Aronson Tommy Vannelli 40 1 2 2
Last Minutes Offensive
Center Left Wing Right Wing Defense Defense
Brendan Gaunce Taylor Beck Dennis Everberg Nikita Tryamkin Juuso Riikola
Last Minutes Defensive
Center Left Wing Right Wing Defense Defense
Brendan Gaunce Taylor Beck Dennis Everberg Nikita Tryamkin Juuso Riikola
Goaltenders
Starting : Alexandar Georgiev
Backup : Thatcher Demko
Extra Forwards
Normal : Nicholas Baptiste, Jared Staal, Mitch Callahan - PP : Nicholas Baptiste, Jared Staal - PK : Mitch Callahan
Extra Defensemen
Normal : Michael Prapavessis, Jeremy Roy, Taylor Aronson - PP : Michael Prapavessis - PK : Jeremy Roy, Taylor Aronson
Penalty Shots
Taylor Beck, Dennis Everberg, Brandon Saad, J.T. Brown, Brendan Gaunce
Scratches
Aaron Haydon (Healthy), Jake Paterson (Healthy)
Little Stars
5 vs 5 Forward
Center Left Wing Right Wing Time % Phy DF OF
1 Dana Tyrell Jesse Joensuu Scott Kosmachuck 40 1 2 2
2 Evgeny Kuznetsov Adam Tambellini Ilya Mikheyev 30 1 2 2
3 Daniel O'regan Joakim Nygard Sebastian Wannstrom 20 1 2 2
4 Roman Horak Michael Mersch Zach Budish 10 1 2 2
5 vs 5 Defense
Defense Defense Time % Phy DF OF
1 Tyler Wotherspoon Patrick Wiercioch 40 1 2 2
2 Anton Cederholm Reece Willcox 30 1 2 2
3 Tucker Poolman Ville Pokka 20 1 2 2
4 Tyler Wotherspoon Patrick Wiercioch 10 1 2 2
PowerPlay Forward
Center Left Wing Right Wing Time % Phy DF OF
1 Dana Tyrell Jesse Joensuu Scott Kosmachuck 60 0 2 3
2 Evgeny Kuznetsov Adam Tambellini Ilya Mikheyev 40 0 2 3
PowerPlay Defense
Defense Defense Time % Phy DF OF
1 Tyler Wotherspoon Patrick Wiercioch 60 0 2 3
2 Anton Cederholm Reece Willcox 40 0 2 3
Penalty Kill 4 Players Forward
Center Wing Time % Phy DF OF
1 Dana Tyrell Evgeny Kuznetsov 60 0 3 2
2 Jesse Joensuu Scott Kosmachuck 40 0 3 2
Penalty Kill 4 Players Defense
Defense Defense Time % Phy DF OF
1 Tyler Wotherspoon Patrick Wiercioch 60 0 3 2
2 Anton Cederholm Reece Willcox 40 0 3 2
Penalty Kill - 3 Players Forward
Forward Time % Phy DF OF
1 Dana Tyrell 60 0 3 2
2 Evgeny Kuznetsov 40 0 3 2
Penalty Kill - 3 Players Defense
Defense Defense Time % Phy DF OF
1 Tyler Wotherspoon Patrick Wiercioch 60 0 3 2
2 Anton Cederholm Reece Willcox 40 0 3 2
4 vs 4 Forward
Center Wing Time % Phy DF OF
1 Dana Tyrell Evgeny Kuznetsov 60 0 2 3
2 Jesse Joensuu Scott Kosmachuck 40 0 2 3
4 vs 4 Defense
Defense Defense Time % Phy DF OF
1 Tyler Wotherspoon Patrick Wiercioch 60 0 2 3
2 Anton Cederholm Reece Willcox 40 0 2 3
Last Minutes Offensive
Center Left Wing Right Wing Defense Defense
Dana Tyrell Jesse Joensuu Scott Kosmachuck Tyler Wotherspoon Patrick Wiercioch
Last Minutes Defensive
Center Left Wing Right Wing Defense Defense
Dana Tyrell Jesse Joensuu Scott Kosmachuck Tyler Wotherspoon Patrick Wiercioch
Goaltenders
Starting : Connor Knapp
Backup : Dustin Tokarski
Extra Forwards
Normal : Jesse Joensuu, Adam Tambellini, Daniel O'regan - PP : Joakim Nygard, Michael Mersch - PK : Daniel O'regan
Extra Defensemen
Normal : Tucker Poolman, Ville Pokka, Anton Cederholm - PP : Tucker Poolman - PK : Ville Pokka, Anton Cederholm
Penalty Shots
Dana Tyrell, Evgeny Kuznetsov, Jesse Joensuu, Scott Kosmachuck, Adam Tambellini
Scratches
Lawrence Pilut (Healthy), Justin Auger (Healthy), Eric Knodel (Right Leg Injury), Rudolfs Balcers (Healthy), Yakov Trenin (Healthy)
Jean-Christophe Beaudin (Healthy), Daniil Tarasov (Healthy), Jason Dickinson (Healthy), Emile Poirier (Healthy), Shane Gersich (Healthy)
Radel Fazleev (Healthy), Julien Nantel (Healthy), Peter Delmas (Healthy)
% Time on Ice - Demolitions
Lines # - Real PCT - Wanted PCT - Time Play
Normal Forward
1 - 36% - 40% - 16:56
2 - 29% - 30% - 13:41
3 - 21% - 20% - 9:59
4 - 14% - 10% - 6:44
Normal Defense
1 - 41% - 40% - 19:36
2 - 31% - 30% - 14:30
3 - 24% - 20% - 11:28
4 - 4% - 10% - 1:46
PP Forward
1 - 31% - 60% - 1:42
2 - 69% - 40% - 3:45
PP Defense
1 - 46% - 60% - 2:31
2 - 54% - 40% - 2:56
PK Forward
1 - 77% - 60% - 4:17
2 - 23% - 40% - 1:17
PK Defense
1 - 63% - 60% - 3:32
2 - 37% - 40% - 2:02
PK3 Forward
1 - 86% - 60% - 1:07
2 - 14% - 40% - 0:11
PK3 Defense
1 - 29% - 60% - 0:23
2 - 71% - 40% - 0:55
44 Forward
1 - 77% - 60% - 1:24
2 - 23% - 40% - 0:25
44 Defense
1 - 72% - 60% - 1:18
2 - 28% - 40% - 0:31
Last Minute Offensive - 0:00
Last Minute Defensive - 0:21
Total
Forward - 61:49
Defense - 61:49
|
% Time on Ice - Little Stars
Lines # - Real PCT - Wanted PCT - Time Play
Normal Forward
1 - 32% - 40% - 15:18
2 - 27% - 30% - 12:54
3 - 24% - 20% - 11:20
4 - 16% - 10% - 7:45
Normal Defense
1 - 38% - 40% - 17:59
2 - 27% - 30% - 12:34
3 - 32% - 20% - 15:17
4 - 3% - 10% - 1:27
PP Forward
1 - 64% - 60% - 4:25
2 - 36% - 40% - 2:27
PP Defense
1 - 76% - 60% - 5:12
2 - 24% - 40% - 1:40
PK Forward
1 - 78% - 60% - 4:14
2 - 22% - 40% - 1:13
PK Defense
1 - 70% - 60% - 3:50
2 - 30% - 40% - 1:37
PK3 Forward
1 - 0% - 60%
2 - 0% - 40%
PK3 Defense
1 - 0% - 60%
2 - 0% - 40%
44 Forward
1 - 79% - 60% - 1:26
2 - 21% - 40% - 0:23
44 Defense
1 - 63% - 60% - 1:09
2 - 37% - 40% - 0:40
Last Minute Offensive - 0:24
Last Minute Defensive - 0:00
Total
Forward - 61:49
Defense - 61:49
|
Play-by-Play
1st period
0:01 of 1st period - Brendan Gaunce wins face-off versus Dana Tyrell in neutral zone.
0:54 of 1st period - Backhand shot by Andrej Nestrasil.
0:54 of 1st period - Shot Misses the Net.
1:20 of 1st period - Brendan Gaunce is hit by Roman Horak and loses puck.
1:35 of 1st period - Wrist shot by Scott Kosmachuck.
1:35 of 1st period - Shot Misses the Net.
1:51 of 1st period - J.T. Brown is hit by Evgeny Kuznetsov and loses puck.
2:17 of 1st period - Off-side.
2:18 of 1st period - Brendan Gaunce wins face-off versus Dana Tyrell in neutral zone.
2:35 of 1st period - Brendan Gaunce is hit by Patrick Wiercioch and loses puck.
3:53 of 1st period - Off-side.
3:54 of 1st period - Brendan Gaunce wins face-off versus Dana Tyrell in neutral zone.
4:05 of 1st period - Michael Prapavessis is hit by Patrick Wiercioch and loses puck.
4:20 of 1st period - Evgeny Kuznetsov is hit by Jeremy Roy and loses puck.
4:45 of 1st period - Ville Pokka is hit by Michael Prapavessis and loses puck.
4:46 of 1st period - Ville Pokka from Little Stars is injured at 4:46 of 1st period (Bruised Left Arm).
4:47 of 1st period - Brendan Gaunce wins face-off versus Dana Tyrell in Little Stars zone.
4:50 of 1st period - Slapshot by Brendan Gaunce.
4:50 of 1st period - Stopped by Connor Knapp with a rebound.
5:16 of 1st period - Snap shot by Evgeny Kuznetsov.
5:16 of 1st period - Stopped by Alexandar Georgiev with a rebound.
5:18 of 1st period - Wrist shot by Adam Tambellini.
5:18 of 1st period - Shot Misses the Net.
5:20 of 1st period - Wrist shot by Tyler Wotherspoon.
5:20 of 1st period - Deflect By Evgeny Kuznetsov.
5:20 of 1st period - Shot Misses the Net.
5:20 of 1st period - Puck is out of play.
5:21 of 1st period - Daniel O'regan wins face-off versus Phil McRae in Demolitions zone.
5:48 of 1st period - Wrist shot by Brandon Saad.
5:48 of 1st period - Stopped by Connor Knapp without a rebound.
5:49 of 1st period - Brendan Gaunce wins face-off versus Dana Tyrell in Little Stars zone.
6:39 of 1st period - Snap shot by Andrej Nestrasil.
6:39 of 1st period - Shot Misses the Net.
6:41 of 1st period - Slapshot by Andrej Nestrasil.
6:41 of 1st period - Stopped by Connor Knapp with a rebound.
6:43 of 1st period - Wrist shot by Andrej Nestrasil.
6:43 of 1st period - Shot Misses the Net.
6:45 of 1st period - Snap shot by Andrej Nestrasil.
6:45 of 1st period - Stopped by Connor Knapp without a rebound.
6:46 of 1st period - Dana Tyrell wins face-off versus Brendan Gaunce in Little Stars zone.
6:55 of 1st period - Slapshot by Scott Kosmachuck.
6:55 of 1st period - Shot Misses the Net.
7:11 of 1st period - Phil McRae is hit by Tucker Poolman and loses puck.
7:37 of 1st period - Andrej Nestrasil is hit by Tyler Wotherspoon and loses puck.
7:58 of 1st period - Jesse Joensuu is hit by Michael Prapavessis and loses puck.
8:23 of 1st period - Anton Cederholm is hit by Juuso Riikola and loses puck.
8:40 of 1st period - Wrist shot by Benn Ferriero.
8:40 of 1st period - Shot Misses the Net.
8:42 of 1st period - Slapshot by Juuso Riikola.
8:42 of 1st period - Stopped by Connor Knapp without a rebound.
8:43 of 1st period - Brendan Gaunce wins face-off versus Dana Tyrell in Little Stars zone.
8:44 of 1st period - Snap shot by Dennis Everberg.
8:44 of 1st period - Stopped by Connor Knapp without a rebound.
8:45 of 1st period - Dana Tyrell wins face-off versus Brendan Gaunce in Little Stars zone.
8:54 of 1st period - Slapshot by Scott Kosmachuck.
8:54 of 1st period - Shot Misses the Net.
9:00 of 1st period - Slapshot by Taylor Beck.
9:00 of 1st period - Stopped by Connor Knapp without a rebound.
9:01 of 1st period - Evgeny Kuznetsov wins face-off versus Phil McRae in Little Stars zone.
9:06 of 1st period - Snap shot by Adam Tambellini.
9:06 of 1st period - Stopped by Alexandar Georgiev with a rebound.
9:53 of 1st period - Snap shot by Joakim Nygard.
9:53 of 1st period - Shot Blocked by Taylor Aronson.
10:19 of 1st period - Slapshot by Zach Budish.
10:19 of 1st period - Stopped by Alexandar Georgiev with a rebound.
10:37 of 1st period - Snap shot by Ilya Mikheyev.
10:37 of 1st period - Shot Misses the Net.
10:39 of 1st period - Snap shot by Evgeny Kuznetsov.
10:39 of 1st period - Deflect By Adam Tambellini.
10:39 of 1st period - Stopped by Alexandar Georgiev without a rebound.
10:40 of 1st period - Dana Tyrell wins face-off versus Brendan Gaunce in Demolitions zone.
10:46 of 1st period - Off-side.
10:47 of 1st period - Dana Tyrell wins face-off versus Brendan Gaunce in neutral zone.
10:54 of 1st period - Snap shot by Dana Tyrell.
10:54 of 1st period - Stopped by Alexandar Georgiev without a rebound.
10:55 of 1st period - Brendan Gaunce wins face-off versus Dana Tyrell in Demolitions zone.
11:40 of 1st period - Icing by Michael Prapavessis.
11:41 of 1st period - Evgeny Kuznetsov wins face-off versus Phil McRae in Demolitions zone.
11:54 of 1st period - Wrist shot by Evgeny Kuznetsov.
11:54 of 1st period - Stopped by Alexandar Georgiev without a rebound.
11:55 of 1st period - Dana Tyrell wins face-off versus J.T. Brown in Demolitions zone.
12:03 of 1st period - Off-side.
12:04 of 1st period - Phil McRae wins face-off versus Scott Kosmachuck in neutral zone.
12:08 of 1st period - Off-side.
12:09 of 1st period - Brendan Gaunce wins face-off versus Dana Tyrell in neutral zone.
12:34 of 1st period - Tyler Wotherspoon is hit by J.T. Brown and loses puck.
12:39 of 1st period - Backhand shot by Phil McRae.
12:39 of 1st period - Shot Misses the Net.
12:41 of 1st period - Snap shot by Phil McRae.
12:41 of 1st period - Shot Blocked by Evgeny Kuznetsov.
12:43 of 1st period - Snap shot by Brandon Saad.
12:43 of 1st period - Stopped by Connor Knapp with a rebound.
12:50 of 1st period - Icing by Tyler Wotherspoon.
12:51 of 1st period - Christoph Bertschy wins face-off versus Evgeny Kuznetsov in Little Stars zone.
12:52 of 1st period - Wrist shot by Joshua Leivo.
12:52 of 1st period - Stopped by Connor Knapp with a rebound.
12:54 of 1st period - Snap shot by Taylor Beck.
12:54 of 1st period - Shot Misses the Net.
12:56 of 1st period - Snap shot by Taylor Beck.
12:56 of 1st period - Goal by Taylor Beck - Demolitions : 1 - Little Stars : 0.
12:57 of 1st period - Scott Kosmachuck wins face-off versus Brendan Gaunce in neutral zone.
13:10 of 1st period - Backhand shot by Brendan Gaunce.
13:10 of 1st period - Shot Misses the Net.
13:24 of 1st period - Adam Tambellini is hit by Brandon Saad and loses puck.
13:47 of 1st period - Snap shot by Joakim Nygard.
13:47 of 1st period - Shot Misses the Net.
13:49 of 1st period - Slapshot by Reece Willcox.
13:49 of 1st period - Deflect By Joakim Nygard.
13:49 of 1st period - Stopped by Alexandar Georgiev with a rebound.
13:51 of 1st period - Snap shot by Sebastian Wannstrom.
13:51 of 1st period - Shot Misses the Net.
13:53 of 1st period - Slapshot by Reece Willcox.
13:53 of 1st period - Shot Misses the Net.
14:51 of 1st period - Wrist shot by Phil McRae.
14:51 of 1st period - Stopped by Connor Knapp without a rebound.
14:52 of 1st period - Dana Tyrell wins face-off versus Brendan Gaunce in Little Stars zone.
14:59 of 1st period - Dennis Everberg is hit by Scott Kosmachuck and loses puck.
15:06 of 1st period - Snap shot by Jesse Joensuu.
15:06 of 1st period - Shot Misses the Net.
15:41 of 1st period - Andrej Nestrasil is hit by Evgeny Kuznetsov and loses puck.
16:06 of 1st period - Tommy Vannelli is hit by Evgeny Kuznetsov.
16:22 of 1st period - Tyler Wotherspoon is hit by Dennis Everberg and loses puck.
16:33 of 1st period - Anton Cederholm is hit by Phil McRae.
16:44 of 1st period - Off-side.
16:45 of 1st period - Brendan Gaunce wins face-off versus Daniel O'regan in neutral zone.
16:54 of 1st period - Snap shot by Brendan Gaunce.
16:54 of 1st period - Shot Misses the Net.
17:06 of 1st period - Joakim Nygard is hit by Juuso Riikola and loses puck.
17:27 of 1st period - Anton Cederholm is hit by Nikita Tryamkin and loses puck.
17:33 of 1st period - Off-side.
17:34 of 1st period - Jesse Joensuu wins face-off versus Brendan Gaunce in neutral zone.
18:24 of 1st period - Snap shot by Michael Mersch.
18:24 of 1st period - Shot Misses the Net.
19:19 of 1st period - Minor Penalty to Ilya Mikheyev for Diving.
19:20 of 1st period - Dana Tyrell wins face-off versus Brendan Gaunce in Little Stars zone.
Goals for this period are 1 for Demolitions vs 0 for Little Stars.
Shots for this period are 11 for Demolitions vs 7 for Little Stars.
2nd period
0:01 of 2nd period - Dana Tyrell wins face-off versus Brendan Gaunce in neutral zone.
0:13 of 2nd period - Slapshot by Taylor Beck.
0:13 of 2nd period - Stopped by Connor Knapp without a rebound.
0:14 of 2nd period - Brendan Gaunce wins face-off versus Dana Tyrell in Little Stars zone.
0:23 of 2nd period - Backhand shot by Taylor Beck.
0:23 of 2nd period - Shot Blocked by Tyler Wotherspoon.
0:29 of 2nd period - Brendan Gaunce is hit by Evgeny Kuznetsov.
0:55 of 2nd period - Wrist shot by Scott Kosmachuck.
0:55 of 2nd period - Stopped by Alexandar Georgiev with a rebound.
1:07 of 2nd period - Slapshot by J.T. Brown.
1:07 of 2nd period - Shot Misses the Net.
1:19 of 2nd period - Penalty to Ilya Mikheyev is over, Ilya Mikheyev is back on ice.
1:29 of 2nd period - Wrist shot by Phil McRae.
1:29 of 2nd period - Goal by Phil McRae - Demolitions : 2 - Little Stars : 0.
1:30 of 2nd period - Dana Tyrell wins face-off versus Taylor Beck in neutral zone.
1:42 of 2nd period - Slapshot by Scott Kosmachuck.
1:42 of 2nd period - Stopped by Alexandar Georgiev with a rebound.
1:44 of 2nd period - Snap shot by Jesse Joensuu.
1:44 of 2nd period - Stopped by Alexandar Georgiev with a rebound.
1:46 of 2nd period - Slapshot by Reece Willcox.
1:46 of 2nd period - Shot Blocked by Tommy Vannelli.
2:03 of 2nd period - Snap shot by Taylor Beck.
2:03 of 2nd period - Shot Misses the Net.
2:37 of 2nd period - Snap shot by Daniel O'regan.
2:37 of 2nd period - Shot Misses the Net.
2:39 of 2nd period - Slapshot by Joakim Nygard.
2:39 of 2nd period - Stopped by Alexandar Georgiev with a rebound.
2:41 of 2nd period - Slapshot by Reece Willcox.
2:41 of 2nd period - Shot Misses the Net.
2:47 of 2nd period - Snap shot by Joakim Nygard.
2:47 of 2nd period - Stopped by Alexandar Georgiev with a rebound.
2:49 of 2nd period - Slapshot by Reece Willcox.
2:49 of 2nd period - Shot Misses the Net.
2:55 of 2nd period - Wrist shot by Joakim Nygard.
2:55 of 2nd period - Shot Misses the Net.
2:59 of 2nd period - Snap shot by Daniel O'regan.
2:59 of 2nd period - Stopped by Alexandar Georgiev with a rebound.
3:01 of 2nd period - Slapshot by Reece Willcox.
3:01 of 2nd period - Deflect By Joakim Nygard.
3:01 of 2nd period - Shot Misses the Net.
3:01 of 2nd period - Puck is out of play.
3:02 of 2nd period - Dana Tyrell wins face-off versus Phil McRae in Demolitions zone.
3:03 of 2nd period - Snap shot by Jesse Joensuu.
3:03 of 2nd period - Stopped by Alexandar Georgiev with a rebound.
3:09 of 2nd period - Wrist shot by J.T. Brown.
3:09 of 2nd period - Stopped by Connor Knapp with a rebound.
3:11 of 2nd period - Wrist shot by J.T. Brown.
3:11 of 2nd period - Shot Misses the Net.
3:39 of 2nd period - Slapshot by Joshua Leivo.
3:39 of 2nd period - Stopped by Connor Knapp with a rebound.
3:49 of 2nd period - Tyler Wotherspoon is hit by Andrej Nestrasil and loses puck.
4:36 of 2nd period - Snap shot by Michael Mersch.
4:36 of 2nd period - Deflect By Tommy Vannelli.
4:36 of 2nd period - Stopped by Alexandar Georgiev without a rebound.
4:37 of 2nd period - Evgeny Kuznetsov wins face-off versus J.T. Brown in Demolitions zone.
4:40 of 2nd period - Backhand shot by Evgeny Kuznetsov.
4:40 of 2nd period - Shot Misses the Net.
4:42 of 2nd period - Wrist shot by Evgeny Kuznetsov.
4:42 of 2nd period - Stopped by Alexandar Georgiev without a rebound.
4:43 of 2nd period - Evgeny Kuznetsov wins face-off versus Phil McRae in Demolitions zone.
4:59 of 2nd period - Off-side.
5:00 of 2nd period - Daniel O'regan wins face-off versus Dennis Everberg in neutral zone.
5:37 of 2nd period - Snap shot by Andrej Nestrasil.
5:37 of 2nd period - Shot Misses the Net.
5:49 of 2nd period - Roman Horak is hit by Alex Hutchings and loses puck.
5:57 of 2nd period - Off-side.
5:58 of 2nd period - Brendan Gaunce wins face-off versus Dana Tyrell in neutral zone.
6:01 of 2nd period - Scott Kosmachuck is hit by Juuso Riikola.
6:23 of 2nd period - Scott Kosmachuck is hit by Nikita Tryamkin and loses puck.
7:15 of 2nd period - Slapshot by Daniel O'regan.
7:15 of 2nd period - Shot Misses the Net.
7:17 of 2nd period - Slapshot by Tucker Poolman.
7:17 of 2nd period - Shot Blocked by Michael Prapavessis.
7:19 of 2nd period - Slapshot by Reece Willcox.
7:19 of 2nd period - Stopped by Alexandar Georgiev with a rebound.
7:41 of 2nd period - Minor Penalty to Michael Mersch for Roughing.
7:42 of 2nd period - Dana Tyrell wins face-off versus Dennis Everberg in Little Stars zone.
8:08 of 2nd period - Evgeny Kuznetsov is hit by Nikita Tryamkin.
8:14 of 2nd period - Wrist shot by Phil McRae.
8:14 of 2nd period - Shot Misses the Net.
8:16 of 2nd period - Wrist shot by J.T. Brown.
8:16 of 2nd period - Stopped by Connor Knapp without a rebound.
8:17 of 2nd period - Evgeny Kuznetsov wins face-off versus Phil McRae in Little Stars zone.
8:26 of 2nd period - Snap shot by J.T. Brown.
8:26 of 2nd period - Stopped by Connor Knapp without a rebound.
8:27 of 2nd period - Phil McRae wins face-off versus Jesse Joensuu in Little Stars zone.
8:34 of 2nd period - Snap shot by Brandon Saad.
8:34 of 2nd period - Shot Misses the Net.
8:36 of 2nd period - Snap shot by Phil McRae.
8:36 of 2nd period - Stopped by Connor Knapp without a rebound.
8:37 of 2nd period - Dana Tyrell wins face-off versus Brendan Gaunce in Little Stars zone.
9:06 of 2nd period - Wrist shot by J.T. Brown.
9:06 of 2nd period - Shot Misses the Net.
9:08 of 2nd period - Snap shot by Brandon Saad.
9:08 of 2nd period - Stopped by Connor Knapp with a rebound.
9:10 of 2nd period - Wrist shot by J.T. Brown.
9:10 of 2nd period - Goal by J.T. Brown - Demolitions : 3 - Little Stars : 0.
9:11 of 2nd period - Brendan Gaunce wins face-off versus Dana Tyrell in neutral zone.
9:36 of 2nd period - Brandon Saad is hit by Evgeny Kuznetsov and loses puck.
9:41 of 2nd period - Snap shot by Ilya Mikheyev.
9:41 of 2nd period - Stopped by Alexandar Georgiev with a rebound.
10:15 of 2nd period - Backhand shot by Reece Willcox.
10:15 of 2nd period - Shot Misses the Net.
10:17 of 2nd period - Snap shot by Zach Budish.
10:17 of 2nd period - Goal by Zach Budish - Demolitions : 3 - Little Stars : 1.
10:18 of 2nd period - Brendan Gaunce wins face-off versus Dana Tyrell in neutral zone.
10:43 of 2nd period - Ilya Mikheyev is hit by Phil McRae and loses puck.
10:48 of 2nd period - Wrist shot by J.T. Brown.
10:48 of 2nd period - Stopped by Connor Knapp with a rebound.
11:37 of 2nd period - Snap shot by Christoph Bertschy.
11:37 of 2nd period - Stopped by Connor Knapp with a rebound.
11:49 of 2nd period - Dana Tyrell is hit by Dennis Everberg and loses puck.
12:08 of 2nd period - Evgeny Kuznetsov is hit by Brandon Saad and loses puck.
12:15 of 2nd period - Snap shot by J.T. Brown.
12:15 of 2nd period - Stopped by Connor Knapp without a rebound.
12:16 of 2nd period - Brendan Gaunce wins face-off versus Dana Tyrell in Little Stars zone.
12:17 of 2nd period - Slapshot by Dennis Everberg.
12:17 of 2nd period - Stopped by Connor Knapp with a rebound.
12:23 of 2nd period - Slapshot by Dana Tyrell.
12:23 of 2nd period - Deflect By Jesse Joensuu.
12:23 of 2nd period - Shot Misses the Net.
12:23 of 2nd period - Puck is out of play.
12:24 of 2nd period - Brendan Gaunce wins face-off versus Jesse Joensuu in Demolitions zone.
12:26 of 2nd period - Minor Penalty to Juuso Riikola for Delaying the game.
12:27 of 2nd period - Taylor Beck wins face-off versus Dana Tyrell in Demolitions zone.
14:26 of 2nd period - Penalty to Juuso Riikola is over, Juuso Riikola is back on ice.
14:29 of 2nd period - Slapshot by Juuso Riikola.
14:29 of 2nd period - Stopped by Connor Knapp without a rebound.
14:30 of 2nd period - Brandon Saad wins face-off versus Daniel O'regan in Little Stars zone.
15:01 of 2nd period - Backhand shot by Tyler Wotherspoon.
15:01 of 2nd period - Deflect By Michael Mersch.
15:01 of 2nd period - Stopped by Alexandar Georgiev with a rebound.
15:03 of 2nd period - Snap shot by Zach Budish.
15:03 of 2nd period - Shot Misses the Net.
15:05 of 2nd period - Slapshot by Patrick Wiercioch.
15:05 of 2nd period - Shot Misses the Net.
15:32 of 2nd period - Minor Penalty to Tommy Vannelli for Tripping.
15:33 of 2nd period - Scott Kosmachuck wins face-off versus Taylor Beck in Demolitions zone.
15:48 of 2nd period - Wrist shot by Jesse Joensuu.
15:48 of 2nd period - Shot Blocked by Taylor Aronson.
16:13 of 2nd period - Minor Penalty to Nikita Tryamkin for Interference.
16:14 of 2nd period - Taylor Beck wins face-off versus Dana Tyrell in Demolitions zone.
16:46 of 2nd period - Evgeny Kuznetsov is hit by Taylor Aronson and loses puck.
17:01 of 2nd period - Scott Kosmachuck is hit by Dennis Everberg and loses puck.
17:32 of 2nd period - Penalty to Tommy Vannelli is over, Tommy Vannelli is back on ice.
18:06 of 2nd period - Jeremy Roy is hit by Tyler Wotherspoon and loses puck.
18:13 of 2nd period - Penalty to Nikita Tryamkin is over, Nikita Tryamkin is back on ice.
18:19 of 2nd period - Snap shot by J.T. Brown.
18:19 of 2nd period - Stopped by Connor Knapp with a rebound.
18:21 of 2nd period - Slapshot by Jeremy Roy.
18:21 of 2nd period - Deflect By Michael Ferland.
18:21 of 2nd period - Shot Misses the Net.
18:21 of 2nd period - Puck is out of play.
18:22 of 2nd period - Daniel O'regan wins face-off versus Andrej Nestrasil in Little Stars zone.
18:22 of 2nd period - Daniel O'regan is hit by Nikita Tryamkin.
18:25 of 2nd period - Icing by Joakim Nygard.
18:26 of 2nd period - Brendan Gaunce wins face-off versus Daniel O'regan in Little Stars zone.
18:31 of 2nd period - Wrist shot by Brendan Gaunce.
18:31 of 2nd period - Stopped by Connor Knapp with a rebound.
18:33 of 2nd period - Snap shot by Juuso Riikola.
18:33 of 2nd period - Deflect By Brendan Gaunce.
18:33 of 2nd period - Shot Blocked by Tucker Poolman.
18:33 of 2nd period - Puck is out of play.
18:34 of 2nd period - Brendan Gaunce wins face-off versus Dana Tyrell in Little Stars zone.
18:37 of 2nd period - Snap shot by Taylor Beck.
18:37 of 2nd period - Shot Blocked by Scott Kosmachuck.
18:39 of 2nd period - Wrist shot by Dennis Everberg.
18:39 of 2nd period - Stopped by Connor Knapp with a rebound.
18:41 of 2nd period - Slapshot by Nikita Tryamkin.
18:41 of 2nd period - Shot Blocked by Anton Cederholm.
18:59 of 2nd period - Brandon Saad is hit by Evgeny Kuznetsov and loses puck.
19:41 of 2nd period - Snap shot by Andrej Nestrasil.
19:41 of 2nd period - Stopped by Connor Knapp with a rebound.
Goals for this period are 2 for Demolitions vs 1 for Little Stars.
Shots for this period are 18 for Demolitions vs 13 for Little Stars.
3rd period
0:01 of 3rd period - Brendan Gaunce wins face-off versus Dana Tyrell in neutral zone.
0:39 of 3rd period - Snap shot by Sebastian Wannstrom.
0:39 of 3rd period - Shot Misses the Net.
1:26 of 3rd period - Slapshot by Daniel O'regan.
1:26 of 3rd period - Shot Blocked by Nikita Tryamkin.
1:56 of 3rd period - Snap shot by Sebastian Wannstrom.
1:56 of 3rd period - Shot Misses the Net.
2:03 of 3rd period - Minor Penalty to Sebastian Wannstrom for Holding Stick.
2:04 of 3rd period - Phil McRae wins face-off versus Dana Tyrell in Little Stars zone.
2:10 of 3rd period - Snap shot by Brandon Saad.
2:10 of 3rd period - Stopped by Connor Knapp with a rebound.
2:12 of 3rd period - Snap shot by Brandon Saad.
2:12 of 3rd period - Shot Blocked by Reece Willcox.
4:00 of 3rd period - Icing by Mitch Callahan.
4:01 of 3rd period - Roman Horak wins face-off versus Nicholas Baptiste in Demolitions zone.
4:03 of 3rd period - Penalty to Sebastian Wannstrom is over, Sebastian Wannstrom is back on ice.
4:14 of 3rd period - Snap shot by Tyler Wotherspoon.
4:14 of 3rd period - Stopped by Alexandar Georgiev with a rebound.
4:26 of 3rd period - Patrick Wiercioch is hit by Michael Ferland and loses puck.
5:21 of 3rd period - Wrist shot by Michael Mersch.
5:21 of 3rd period - Stopped by Alexandar Georgiev with a rebound.
5:23 of 3rd period - Wrist shot by Zach Budish.
5:23 of 3rd period - Deflect By Roman Horak.
5:23 of 3rd period - Shot Misses the Net.
5:23 of 3rd period - Puck is out of play.
5:24 of 3rd period - Brendan Gaunce wins face-off versus Dana Tyrell in Demolitions zone.
5:29 of 3rd period - Taylor Beck is hit by Dana Tyrell and loses puck.
5:55 of 3rd period - Wrist shot by Brandon Saad.
5:55 of 3rd period - Stopped by Connor Knapp with a rebound.
6:57 of 3rd period - Backhand shot by Taylor Beck.
6:57 of 3rd period - Shot Blocked by Tucker Poolman.
7:27 of 3rd period - Minor Penalty to Jeremy Roy for Roughing.
7:28 of 3rd period - Dana Tyrell wins face-off versus Taylor Beck in Demolitions zone.
7:38 of 3rd period - Snap shot by Scott Kosmachuck.
7:38 of 3rd period - Shot Misses the Net.
7:42 of 3rd period - Snap shot by Jesse Joensuu.
7:42 of 3rd period - Stopped by Alexandar Georgiev with a rebound.
7:44 of 3rd period - Slapshot by Tyler Wotherspoon.
7:44 of 3rd period - Deflect By Scott Kosmachuck.
7:44 of 3rd period - Shot Blocked by Nikita Tryamkin.
7:44 of 3rd period - Puck is out of play.
7:45 of 3rd period - Taylor Beck wins face-off versus Dana Tyrell in Demolitions zone.
8:02 of 3rd period - Jesse Joensuu is hit by Juuso Riikola and loses puck.
8:17 of 3rd period - Wrist shot by Jesse Joensuu.
8:17 of 3rd period - Shot Misses the Net.
9:27 of 3rd period - Penalty to Jeremy Roy is over, Jeremy Roy is back on ice.
9:45 of 3rd period - Wrist shot by Scott Kosmachuck.
9:45 of 3rd period - Shot Misses the Net.
9:47 of 3rd period - Backhand shot by Dana Tyrell.
9:47 of 3rd period - Stopped by Alexandar Georgiev with a rebound.
9:49 of 3rd period - Backhand shot by Scott Kosmachuck.
9:49 of 3rd period - Goal by Scott Kosmachuck - Demolitions : 3 - Little Stars : 2.
9:50 of 3rd period - Evgeny Kuznetsov wins face-off versus Phil McRae in neutral zone.
9:53 of 3rd period - Evgeny Kuznetsov is hit by Tommy Vannelli and loses puck.
9:59 of 3rd period - Anton Cederholm is hit by Tommy Vannelli and loses puck.
10:06 of 3rd period - Snap shot by Ilya Mikheyev.
10:06 of 3rd period - Stopped by Alexandar Georgiev with a rebound.
10:16 of 3rd period - Phil McRae is hit by Michael Mersch and loses puck.
10:31 of 3rd period - Slapshot by Brandon Saad.
10:31 of 3rd period - Stopped by Connor Knapp with a rebound.
10:37 of 3rd period - Slapshot by J.T. Brown.
10:37 of 3rd period - Shot Blocked by Michael Mersch.
11:09 of 3rd period - Snap shot by Brandon Saad.
11:09 of 3rd period - Stopped by Connor Knapp with a rebound.
11:11 of 3rd period - Slapshot by Tommy Vannelli.
11:11 of 3rd period - Shot Blocked by Reece Willcox.
11:13 of 3rd period - Wrist shot by Brandon Saad.
11:13 of 3rd period - Stopped by Connor Knapp with a rebound.
11:15 of 3rd period - Snap shot by Phil McRae.
11:15 of 3rd period - Stopped by Connor Knapp with a rebound.
11:17 of 3rd period - Slapshot by Michael Prapavessis.
11:17 of 3rd period - Stopped by Connor Knapp with a rebound.
11:19 of 3rd period - Slapshot by Jeremy Roy.
11:19 of 3rd period - Shot Blocked by Anton Cederholm.
11:21 of 3rd period - Snap shot by Jeremy Roy.
11:21 of 3rd period - Shot Blocked by Anton Cederholm.
11:40 of 3rd period - Snap shot by Brandon Saad.
11:40 of 3rd period - Shot Misses the Net.
11:46 of 3rd period - Slapshot by J.T. Brown.
11:46 of 3rd period - Stopped by Connor Knapp with a rebound.
11:48 of 3rd period - Slapshot by Tommy Vannelli.
11:48 of 3rd period - Stopped by Connor Knapp without a rebound.
11:49 of 3rd period - Brendan Gaunce wins face-off versus Evgeny Kuznetsov in Little Stars zone.
11:52 of 3rd period - Wrist shot by Brendan Gaunce.
11:52 of 3rd period - Deflect By Dennis Everberg.
11:52 of 3rd period - Shot Misses the Net.
11:52 of 3rd period - Puck is out of play.
11:53 of 3rd period - Brendan Gaunce wins face-off versus Evgeny Kuznetsov in Little Stars zone.
12:08 of 3rd period - Snap shot by Dennis Everberg.
12:08 of 3rd period - Stopped by Connor Knapp without a rebound.
12:09 of 3rd period - Dana Tyrell wins face-off versus Andrej Nestrasil in Little Stars zone.
12:43 of 3rd period - Slapshot by Adam Tambellini.
12:43 of 3rd period - Stopped by Alexandar Georgiev with a rebound.
12:55 of 3rd period - Nikita Tryamkin is hit by Tyler Wotherspoon and loses puck.
13:02 of 3rd period - Slapshot by Juuso Riikola.
13:02 of 3rd period - Stopped by Connor Knapp without a rebound.
13:03 of 3rd period - Brendan Gaunce wins face-off versus Dana Tyrell in Little Stars zone.
13:06 of 3rd period - Wrist shot by Dennis Everberg.
13:06 of 3rd period - Stopped by Connor Knapp with a rebound.
13:08 of 3rd period - Slapshot by Tommy Vannelli.
13:08 of 3rd period - Shot Blocked by Anton Cederholm.
13:28 of 3rd period - Michael Ferland is hit by Tucker Poolman and loses puck.
13:47 of 3rd period - Christoph Bertschy is hit by Sebastian Wannstrom.
13:57 of 3rd period - Backhand shot by Joshua Leivo.
13:57 of 3rd period - Shot Blocked by Anton Cederholm.
15:57 of 3rd period - Backhand shot by Reece Willcox.
15:57 of 3rd period - Stopped by Alexandar Georgiev with a rebound.
16:44 of 3rd period - Slapshot by Daniel O'regan.
16:44 of 3rd period - Stopped by Alexandar Georgiev with a rebound.
19:02 of 3rd period - Little Stars, Connor Knapp is pulled from the net.
19:09 of 3rd period - Minor Penalty to Taylor Beck for Delaying the game.
19:10 of 3rd period - Mitch Callahan wins face-off versus Evgeny Kuznetsov in Demolitions zone.
19:18 of 3rd period - Nikita Tryamkin is hit by Adam Tambellini and loses puck.
19:23 of 3rd period - Snap shot by Joakim Nygard.
19:23 of 3rd period - Goal by Joakim Nygard - Demolitions : 3 - Little Stars : 3.
19:23 of 3rd period - Connor Knapp from Little Stars was sent back in the game.
19:24 of 3rd period - Sebastian Wannstrom wins face-off versus Andrej Nestrasil in neutral zone.
19:39 of 3rd period - Wrist shot by Joakim Nygard.
19:39 of 3rd period - Stopped by Alexandar Georgiev with a rebound.
19:51 of 3rd period - Wrist shot by Ilya Mikheyev.
19:51 of 3rd period - Shot Misses the Net.
Goals for this period are 0 for Demolitions vs 2 for Little Stars.
Shots for this period are 12 for Demolitions vs 11 for Little Stars.
Overtime #1
0:01 of 1st overtime period - Taylor Beck wins face-off versus Dana Tyrell in neutral zone.
0:54 of 1st overtime period - Wrist shot by Scott Kosmachuck.
0:54 of 1st overtime period - Stopped by Alexandar Georgiev with a rebound.
1:02 of 1st overtime period - Tyler Wotherspoon is hit by Tommy Vannelli and loses puck.
1:18 of 1st overtime period - Daniel O'regan is hit by Nikita Tryamkin.
1:24 of 1st overtime period - Wrist shot by Daniel O'regan.
1:24 of 1st overtime period - Shot Misses the Net.
1:43 of 1st overtime period - Snap shot by Adam Tambellini.
1:43 of 1st overtime period - Shot Blocked by Alex Hutchings.
1:49 of 1st overtime period - Slapshot by Mitch Callahan.
1:49 of 1st overtime period - Goal by Mitch Callahan - Demolitions : 4 - Little Stars : 3.
Goals for this period are 1 for Demolitions vs 0 for Little Stars.
Shots for this period are 1 for Demolitions vs 1 for Little Stars.